Sabres vs Lightning

Created - 11 avril 2021 at 20:23

Goals
1 2 3 T
Sabres 1 1 0 2
Lightning 2 0 1 3
Shots
1 2 3 T
Sabres 15 12 15 42
Lightning 9 9 9 27

1st period

1. Sabres , Dmitry Orlov 2 (Tyler Seguin 4, Nikolaj Ehlers 5) at 18:32
2. Lightning , Joonas Donskoi 2 (Jason Demers 4, William Karlsson 3) at 19:11 (PP)
3. Lightning , Pierre-Edouard Bellemare 1 (Sidney Crosby 4, Alexander Edler 4) at 19:27

Penalties :
Jason Demers (TBL) for Hooking (Minor) at 2:42, Rasmus Ristolainen (BUF) for Hooking (Minor) at 7:08, Erik Gustafsson (BUF) for Hooking (Minor) at 10:46, Adam Pelech (BUF) for Hooking (Minor) at 12:55, Rasmus Ristolainen (BUF) for Holding (Minor) at 18:47

2nd period

4. Sabres , Lars Eller 3 (Jonathan Drouin 2, Luke Glendening 1) at 3:08

Penalties :
Nikolaj Ehlers (BUF) for Hooking (Minor) at 5:27, Erik Gudbranson (TBL) for Hooking (Minor) at 7:53, Tyler Seguin (BUF) for Roughing (Minor) at 7:53, Logan Couture (TBL) for Holding (Minor) at 19:21

3rd period

5. Lightning , Sidney Crosby 3 (Trevor Daley 1, Pierre-Edouard Bellemare 1) at 18:34

Penalties :
Elvis Merzlikins (TBL) for Slashing (Minor) at 5:47 - Sidney Crosby served the penalty., Sidney Crosby (TBL) for Hooking (Minor) at 13:39

Goalie Stats

Matt Murray (BUF), 24 saves from 27 shots - (0,889), L, 2-3-1, 59:00 minutes
Elvis Merzlikins (TBL), 19 saves from 19 shots - (1,000), W, 1-0-0, 27:09 minutes
Jaroslav Halak (TBL), 21 saves from 23 shots - (0,913), 32:51 minutes

Players Stats for Sabres

Player Name              G  A  P  +/- PIM S  H  SB GA TA FO     MP     PP MP  PK MP  
------------------------------------------------------------------------------------
Adam Pelech              0  0  0   0  2   0  1  0  0  0  0/0    11:26   0:00   1:40 
Dmitry Orlov             1  0  1   2  0   2  0  1  0  0  0/0    21:32   0:00   4:49 
Elias Lindholm           0  0  0  -1  0   5  2  0  0  0  0/2    25:38   4:47   4:40 
Erik Gustafsson          0  0  0   0  2   1  2  0  0  0  0/0    16:10   3:09   3:32 
Jimmy Vesey              0  0  0   0  0   0  0  0  0  0  0/0     0:00   0:00   0:00 
Jonathan Drouin          0  1  1   1  0   4  0  0  0  0  0/1    10:21   0:00   0:00 
Kevin Fiala              0  0  0   0  0   2  0  0  0  0  0/0    19:03   3:09   0:00 
Kris Letang              0  0  0   2  0   3  0  2  0  0  0/0    26:58   4:47   3:39 
Lars Eller               1  0  1   1  0   3  0  0  0  0  11/19  13:27   0:00   3:06 
Leon Draisaitl           0  0  0  -1  0   3  2  0  0  0  12/31  22:41   4:47   0:34 
Luke Glendening          0  1  1   1  0   3  0  0  0  0  7/12   15:01   0:00   4:40 
Michael Grabner          0  0  0   0  0   0  0  0  0  0  0/0     0:00   0:00   0:00 
Nic Dowd                 0  0  0   0  0   0  0  0  0  0  0/0     3:06   0:00   3:06 
Nikolaj Ehlers           0  1  1   0  2   3  2  0  0  0  0/1    19:43   3:09   0:00 
Rasmus Dahlin            0  0  0  -2  0   4  0  0  0  0  0/0    21:24   4:47   0:03 
Rasmus Ristolainen       0  0  0  -2  4   4  3  2  0  0  0/0    22:26   3:09   2:57 
Ryan Nugent-Hopkins      0  0  0  -1  0   3  0  1  0  0  0/0    21:35   4:47   0:00 
Tyler Seguin             0  1  1   0  2   2  0  0  0  0  18/27  19:04   3:09   0:34 

Players Stats for Lightning

Player Name              G  A  P  +/- PIM S  H  SB GA TA FO     MP     PP MP  PK MP  
------------------------------------------------------------------------------------
Alex Killorn             0  0  0  -2  0   5  2  1  0  0  3/16   22:45   4:09   5:47 
Alexander Edler          0  1  1  -1  0   0  0  3  0  0  0/0    26:26   4:16   4:55 
Erik Gudbranson          0  0  0   1  2   0  1  0  0  0  0/0    12:10   0:01   0:14 
Frederik Gauthier        0  0  0   2  0   0  0  0  0  0  5/8     4:27   0:00   2:09 
Jason Demers             0  1  1   0  2   0  0  2  0  0  0/0    21:14   4:03   2:39 
Jeff Carter              0  0  0   0  0   2  1  0  0  0  0/0    19:56   4:10   0:00 
Jeff Skinner             0  0  0   0  0   5  0  0  0  0  1/2    10:57   0:01   0:04 
Joonas Donskoi           1  0  1  -2  0   3  0  0  0  0  0/1    18:44   3:46   2:09 
Kevin Shattenkirk        0  0  0  -1  0   0  2  2  0  0  0/0    25:59   4:16   4:29 
Logan Couture            0  0  0   0  2   0  2  0  0  0  1/1    20:47   4:09   0:00 
Pierre-Edouard Bellemare 1  1  2   2  0   1  0  1  0  0  2/3     9:08   0:01   5:43 
Ryan Lindgren            0  0  0   0  0   0  0  0  0  0  0/0     0:00   0:00   0:00 
Sidney Crosby            1  1  2   0  2   5  2  0  0  0  9/20   20:20   4:09   0:00 
Travis Zajac             0  0  0   0  0   3  1  0  0  0  10/15  11:18   0:25   0:00 
Trevor Daley             0  1  1   1  0   1  0  1  0  0  0/0    11:58   0:01   0:00 
William Karlsson         0  1  1   0  0   1  1  0  0  0  14/25  20:49   4:10   0:00 
Zach Bogosian            0  0  0   0  0   0  0  2  0  0  0/0    22:11   4:03   3:35 
Zack Kassian             0  0  0   0  0   1  4  0  0  0  0/2    10:52   0:00   0:00 

3 Stars

1 - Pierre-Edouard Bellemare (TBL)
2 - Sidney Crosby (TBL)
3 - Dmitry Orlov (BUF)

Power Play

Sabres - 0 on 4 Attempt(s) - 0,00%
Lightning - 1 on 5 Attempt(s) - 20,00%

Penalty Kill

Sabres - 4 on 5 Attempt(s) - 80,00% - Score 0 goal in Penalty Kill
Lightning - 4 on 4 Attempt(s) - 100,00% - Score 0 goal in Penalty Kill

Team Stat

Sabres - Hits : 12 - Faceoff Wins : 48 - Blocked Shots : 6 - Penalty Minutes : 12
Lightning - Hits : 16 - Faceoff Wins : 45 - Blocked Shots : 12 - Penalty Minutes : 10

Official

Referees : Jim Curtin and Dave Lewis
Linesman : Robb Harrell and Steven Berry

Game Notes

Jaroslav Halak is injured at 12:51 of 2nd period (Sprained Right Finger)
Elvis Merzlikins enters game at 12:51 of 2nd period

Finance

Level 1 -- Attendance: 6500 (100,00%) -- Ticket Income 715 000 $
Level 2 -- Attendance: 5000 (100,00%) -- Ticket Income 475 000 $
Level 3 -- Attendance: 3479 (99,40%) -- Ticket Income 260 925 $
Level 4 -- Attendance: 2853 (89,04%) -- Ticket Income 128 385 $
Luxury Box -- Attendance: 614 (61,40%) -- Ticket Income 221 040 $
Game was played at the Amalie Arena.
Total Attendance: 18446 (96,05%)
Total Ticket Income: 1 800 350 $
Other Income: 882 172 $
Total Income: 2 682 522 $

% Time on Ice - Sabres

Lines # - Real PCT - Wanted PCT - Time Play
Normal Forward
1 - 36% - 39% - 14:58
2 - 37% - 35% - 15:22
3 - 25% - 17% - 10:21
4 - 1% - 9% - 0:32
Normal Defense
1 - 39% - 37% - 16:02
2 - 36% - 37% - 15:01
3 - 23% - 15% - 9:30
4 - 2% - 11% - 0:40
PP Forward
1 - 60% - 55% - 4:47
2 - 40% - 45% - 3:09
PP Defense
1 - 60% - 55% - 4:47
2 - 40% - 45% - 3:09
PK Forward
1 - 63% - 60% - 5:14
2 - 37% - 40% - 3:06
PK Defense
1 - 44% - 60% - 3:39
2 - 56% - 40% - 4:41
PK3 Forward
1 - 0% - 60%
2 - 0% - 40%
PK3 Defense
1 - 0% - 60%
2 - 0% - 40%
44 Forward
1 - 66% - 55% - 1:18
2 - 34% - 45% - 0:41
44 Defense
1 - 66% - 55% - 1:18
2 - 34% - 45% - 0:41
Last Minute Offensive  - 0:32
Last Minute Defensive  - 0:00
Total
Forward - 60:00
Defense - 60:00

% Time on Ice - Lightning

Lines # - Real PCT - Wanted PCT - Time Play
Normal Forward
1 - 31% - 40% - 12:49
2 - 38% - 36% - 15:46
3 - 26% - 17% - 10:52
4 - 6% - 7% - 2:18
Normal Defense
1 - 39% - 40% - 16:09
2 - 33% - 30% - 13:40
3 - 29% - 20% - 11:56
4 - 0% - 10% - 0:00
PP Forward
1 - 50% - 55% - 4:09
2 - 50% - 45% - 4:11
PP Defense
1 - 51% - 50% - 4:16
2 - 49% - 50% - 4:04
PK Forward
1 - 73% - 60% - 5:47
2 - 27% - 40% - 2:09
PK Defense
1 - 54% - 60% - 4:17
2 - 46% - 40% - 3:39
PK3 Forward
1 - 0% - 60%
2 - 0% - 40%
PK3 Defense
1 - 0% - 60%
2 - 0% - 40%
44 Forward
1 - 55% - 60% - 1:06
2 - 45% - 40% - 0:53
44 Defense
1 - 55% - 60% - 1:06
2 - 45% - 40% - 0:53
Last Minute Offensive  - 0:00
Last Minute Defensive  - 0:00
Total
Forward - 60:00
Defense - 60:00

Play-by-Play

1st period


0:01 of 1st period - Sidney Crosby wins face-off versus Leon Draisaitl in neutral zone.
0:04 of 1st period - Dmitry Orlov is hit by Alex Killorn and loses puck.
0:11 of 1st period - Shot by Alex Killorn.
0:11 of 1st period - Stopped by Matt Murray with a rebound.
1:04 of 1st period - Shot by Nikolaj Ehlers.
1:04 of 1st period - Shot Misses the Net.
1:32 of 1st period - Icing by Jason Demers.
1:33 of 1st period - Lars Eller wins face-off versus William Karlsson in Lightning zone.
1:52 of 1st period - Shot by Lars Eller.
1:52 of 1st period - Stopped by Jaroslav Halak without a rebound.
1:53 of 1st period - Travis Zajac wins face-off versus Leon Draisaitl in Lightning zone.
2:02 of 1st period - Shot by Jeff Skinner.
2:02 of 1st period - Stopped by Matt Murray without a rebound.
2:03 of 1st period - Travis Zajac wins face-off versus Luke Glendening in Sabres zone.
2:03 of 1st period - Trevor Daley is hit by Rasmus Ristolainen and loses puck.
2:06 of 1st period - Shot by Travis Zajac.
2:06 of 1st period - Shot Misses the Net.
2:10 of 1st period - Shot by Zack Kassian.
2:10 of 1st period - Stopped by Matt Murray without a rebound.
2:11 of 1st period - William Karlsson wins face-off versus Leon Draisaitl in Sabres zone.
2:18 of 1st period - Shot by William Karlsson.
2:18 of 1st period - Shot Misses the Net.
2:20 of 1st period - Shot by Jason Demers.
2:20 of 1st period - Shot Misses the Net.
2:42 of 1st period - Minor Penalty to Jason Demers for Hooking.
2:43 of 1st period - Alex Killorn wins face-off versus Leon Draisaitl in Lightning zone.
2:49 of 1st period - Shot by Leon Draisaitl.
2:49 of 1st period - Stopped by Jaroslav Halak with a rebound.
2:51 of 1st period - Shot by Elias Lindholm.
2:51 of 1st period - Shot Misses the Net.
2:53 of 1st period - Shot by Kris Letang.
2:53 of 1st period - Shot Blocked by Kevin Shattenkirk.
2:55 of 1st period - Shot by Kris Letang.
2:55 of 1st period - Shot Misses the Net.
3:17 of 1st period - Shot by Rasmus Dahlin.
3:17 of 1st period - Stopped by Jaroslav Halak without a rebound.
3:18 of 1st period - Tyler Seguin wins face-off versus Alex Killorn in Lightning zone.
3:23 of 1st period - Shot by Nikolaj Ehlers.
3:23 of 1st period - Stopped by Jaroslav Halak without a rebound.
3:24 of 1st period - Tyler Seguin wins face-off versus Alex Killorn in Lightning zone.
3:25 of 1st period - Shot by Rasmus Ristolainen.
3:25 of 1st period - Stopped by Jaroslav Halak without a rebound.
3:26 of 1st period - Tyler Seguin wins face-off versus Alex Killorn in Lightning zone.
3:29 of 1st period - Shot by Tyler Seguin.
3:29 of 1st period - Stopped by Jaroslav Halak with a rebound.
3:43 of 1st period - Shot by Kevin Fiala.
3:43 of 1st period - Stopped by Jaroslav Halak with a rebound.
4:50 of 1st period - Lars Eller is hit by Erik Gudbranson and loses puck.
6:09 of 1st period - Shot by Leon Draisaitl.
6:09 of 1st period - Shot Blocked by Jason Demers.
6:11 of 1st period - Shot by Elias Lindholm.
6:11 of 1st period - Stopped by Jaroslav Halak without a rebound.
6:12 of 1st period - Tyler Seguin wins face-off versus Sidney Crosby in Lightning zone.
6:13 of 1st period - Shot by Kevin Fiala.
6:13 of 1st period - Shot Blocked by Alexander Edler.
6:20 of 1st period - Alex Killorn is hit by Erik Gustafsson and loses puck.
7:08 of 1st period - Minor Penalty to Rasmus Ristolainen for Hooking.
7:09 of 1st period - Luke Glendening wins face-off versus William Karlsson in Sabres zone.
7:32 of 1st period - Shot by Travis Zajac.
7:32 of 1st period - Stopped by Matt Murray without a rebound.
7:33 of 1st period - Sidney Crosby wins face-off versus Luke Glendening in Sabres zone.
9:08 of 1st period - Icing by Alexander Edler.
9:09 of 1st period - Jeff Skinner wins face-off versus Tyler Seguin in Lightning zone.
9:51 of 1st period - Rasmus Ristolainen is hit by Zack Kassian and loses puck.
10:39 of 1st period - Shot by Ryan Nugent-Hopkins.
10:39 of 1st period - Deflect By Elias Lindholm.
10:39 of 1st period - Stopped by Jaroslav Halak without a rebound.
10:40 of 1st period - William Karlsson wins face-off versus Lars Eller in Lightning zone.
10:46 of 1st period - Minor Penalty to Erik Gustafsson for Hooking.
10:47 of 1st period - Luke Glendening wins face-off versus William Karlsson in Sabres zone.
11:07 of 1st period - Icing by Alexander Edler.
11:08 of 1st period - Luke Glendening wins face-off versus William Karlsson in Lightning zone.
12:22 of 1st period - Icing by Alex Killorn.
12:23 of 1st period - Luke Glendening wins face-off versus Sidney Crosby in Lightning zone.
12:55 of 1st period - Minor Penalty to Adam Pelech for Hooking.
12:56 of 1st period - William Karlsson wins face-off versus Lars Eller in Sabres zone.
13:13 of 1st period - Shot by Jeff Carter.
13:13 of 1st period - Shot Misses the Net.
13:19 of 1st period - Shot by Joonas Donskoi.
13:19 of 1st period - Stopped by Matt Murray without a rebound.
13:20 of 1st period - Lars Eller wins face-off versus Alex Killorn in Sabres zone.
13:41 of 1st period - Shot by Alex Killorn.
13:41 of 1st period - Stopped by Matt Murray without a rebound.
13:42 of 1st period - William Karlsson wins face-off versus Lars Eller in Sabres zone.
13:45 of 1st period - Shot by Alexander Edler.
13:45 of 1st period - Shot Blocked by Rasmus Ristolainen.
13:47 of 1st period - Shot by Alexander Edler.
13:47 of 1st period - Shot Misses the Net.
13:49 of 1st period - Shot by William Karlsson.
13:49 of 1st period - Shot Misses the Net.
14:15 of 1st period - Shot by Elias Lindholm.
14:15 of 1st period - Stopped by Jaroslav Halak with a rebound.
14:17 of 1st period - Shot by Kris Letang.
14:17 of 1st period - Stopped by Jaroslav Halak without a rebound.
14:18 of 1st period - Lars Eller wins face-off versus Sidney Crosby in Lightning zone.
15:02 of 1st period - Shot by Travis Zajac.
15:02 of 1st period - Stopped by Matt Murray without a rebound.
15:03 of 1st period - Travis Zajac wins face-off versus Tyler Seguin in Sabres zone.
15:17 of 1st period - Icing by Jeff Skinner.
15:18 of 1st period - Travis Zajac wins face-off versus Leon Draisaitl in Lightning zone.
16:24 of 1st period - Shot by Nikolaj Ehlers.
16:24 of 1st period - Shot Misses the Net.
16:51 of 1st period - Icing by Alexander Edler.
16:52 of 1st period - Lars Eller wins face-off versus Sidney Crosby in Lightning zone.
16:53 of 1st period - Shot by Luke Glendening.
16:53 of 1st period - Stopped by Jaroslav Halak without a rebound.
16:54 of 1st period - William Karlsson wins face-off versus Lars Eller in Lightning zone.
17:32 of 1st period - Shot by Luke Glendening.
17:32 of 1st period - Deflect By Lars Eller.
17:32 of 1st period - Shot Blocked by Zach Bogosian.
17:34 of 1st period - Shot by Adam Pelech.
17:34 of 1st period - Shot Misses the Net.
17:54 of 1st period - Shot by Leon Draisaitl.
17:54 of 1st period - Stopped by Jaroslav Halak without a rebound.
17:55 of 1st period - Tyler Seguin wins face-off versus Sidney Crosby in Lightning zone.
18:03 of 1st period - Shot by Kevin Fiala.
18:03 of 1st period - Shot Misses the Net.
18:11 of 1st period - Shot by Kevin Fiala.
18:11 of 1st period - Shot Misses the Net.
18:13 of 1st period - Shot by Tyler Seguin.
18:13 of 1st period - Shot Blocked by Alexander Edler.
18:28 of 1st period - Shot by Nikolaj Ehlers.
18:28 of 1st period - Shot Misses the Net.
18:30 of 1st period - Shot by Tyler Seguin.
18:30 of 1st period - Shot Blocked by Alexander Edler.
18:32 of 1st period - Shot by Dmitry Orlov.
18:32 of 1st period - Goal by Dmitry Orlov - Sabres : 1 - Lightning : 0.
18:33 of 1st period - Travis Zajac wins face-off versus Leon Draisaitl in neutral zone.
18:47 of 1st period - Minor Penalty to Rasmus Ristolainen for Holding.
18:48 of 1st period - Luke Glendening wins face-off versus Sidney Crosby in Sabres zone.
18:59 of 1st period - Shot by Luke Glendening.
18:59 of 1st period - Stopped by Jaroslav Halak without a rebound.
19:00 of 1st period - William Karlsson wins face-off versus Luke Glendening in Lightning zone.
19:11 of 1st period - Shot by Joonas Donskoi.
19:11 of 1st period - Goal by Joonas Donskoi - Sabres : 1 - Lightning : 1.
19:12 of 1st period - Frederik Gauthier wins face-off versus Nikolaj Ehlers in neutral zone.
19:27 of 1st period - Shot by Sidney Crosby.
19:27 of 1st period - Deflect By Pierre-Edouard Bellemare.
19:27 of 1st period - Goal by Pierre-Edouard Bellemare - Sabres : 1 - Lightning : 2.
19:28 of 1st period - William Karlsson wins face-off versus Leon Draisaitl in neutral zone.
19:44 of 1st period - Dmitry Orlov is hit by Jeff Carter and loses puck.
19:54 of 1st period - Icing by Kris Letang.
19:55 of 1st period - Sidney Crosby wins face-off versus Leon Draisaitl in Sabres zone.
Goals for this period are 1 for Sabres vs 2 for Lightning.
Shots for this period are 15 for Sabres vs 9 for Lightning.

2nd period


0:01 of 2nd period - Leon Draisaitl wins face-off versus Joonas Donskoi in neutral zone.
0:10 of 2nd period - Kevin Shattenkirk is hit by Elias Lindholm and loses puck.
0:26 of 2nd period - Rasmus Ristolainen is hit by Sidney Crosby and loses puck.
0:37 of 2nd period - Shot by Alex Killorn.
0:37 of 2nd period - Stopped by Matt Murray with a rebound.
0:39 of 2nd period - Shot by Sidney Crosby.
0:39 of 2nd period - Stopped by Matt Murray with a rebound.
0:45 of 2nd period - Alex Killorn is hit by Elias Lindholm and loses puck.
1:37 of 2nd period - Shot by William Karlsson.
1:37 of 2nd period - Stopped by Matt Murray with a rebound.
2:07 of 2nd period - Shot by Lars Eller.
2:07 of 2nd period - Stopped by Jaroslav Halak without a rebound.
2:08 of 2nd period - Travis Zajac wins face-off versus Elias Lindholm in Lightning zone.
2:34 of 2nd period - Shot by Ryan Nugent-Hopkins.
2:34 of 2nd period - Stopped by Jaroslav Halak with a rebound.
2:36 of 2nd period - Shot by Rasmus Ristolainen.
2:36 of 2nd period - Shot Blocked by Trevor Daley.
2:38 of 2nd period - Shot by Rasmus Ristolainen.
2:38 of 2nd period - Stopped by Jaroslav Halak without a rebound.
2:39 of 2nd period - Lars Eller wins face-off versus Frederik Gauthier in Lightning zone.
2:48 of 2nd period - Shot by Lars Eller.
2:48 of 2nd period - Deflect By Jonathan Drouin.
2:48 of 2nd period - Stopped by Jaroslav Halak without a rebound.
2:49 of 2nd period - Sidney Crosby wins face-off versus Lars Eller in Lightning zone.
3:08 of 2nd period - Shot by Lars Eller.
3:08 of 2nd period - Goal by Lars Eller - Sabres : 2 - Lightning : 2.
3:09 of 2nd period - William Karlsson wins face-off versus Leon Draisaitl in neutral zone.
3:22 of 2nd period - Shot by Jeff Carter.
3:22 of 2nd period - Shot Misses the Net.
3:24 of 2nd period - Shot by Jeff Carter.
3:24 of 2nd period - Deflect By William Karlsson.
3:24 of 2nd period - Shot Misses the Net.
3:26 of 2nd period - Shot by Jeff Carter.
3:26 of 2nd period - Shot Blocked by Rasmus Ristolainen.
4:04 of 2nd period - Off-side.
4:05 of 2nd period - Tyler Seguin wins face-off versus Sidney Crosby in neutral zone.
4:36 of 2nd period - Shot by Joonas Donskoi.
4:36 of 2nd period - Shot Misses the Net.
4:40 of 2nd period - Shot by Alex Killorn.
4:40 of 2nd period - Stopped by Matt Murray without a rebound.
4:41 of 2nd period - Luke Glendening wins face-off versus Travis Zajac in Sabres zone.
4:47 of 2nd period - Icing by Erik Gustafsson.
4:48 of 2nd period - Lars Eller wins face-off versus William Karlsson in Sabres zone.
5:03 of 2nd period - Shot by Erik Gustafsson.
5:03 of 2nd period - Stopped by Jaroslav Halak without a rebound.
5:04 of 2nd period - Sidney Crosby wins face-off versus Leon Draisaitl in Lightning zone.
5:04 of 2nd period - Sidney Crosby is hit by Leon Draisaitl.
5:22 of 2nd period - Shot by Dmitry Orlov.
5:22 of 2nd period - Stopped by Jaroslav Halak without a rebound.
5:23 of 2nd period - Tyler Seguin wins face-off versus William Karlsson in Lightning zone.
5:27 of 2nd period - Minor Penalty to Nikolaj Ehlers for Hooking.
5:28 of 2nd period - Luke Glendening wins face-off versus Sidney Crosby in Sabres zone.
5:34 of 2nd period - Icing by Kevin Shattenkirk.
5:35 of 2nd period - Sidney Crosby wins face-off versus Luke Glendening in Lightning zone.
7:14 of 2nd period - Jeff Carter is hit by Rasmus Ristolainen and loses puck.
7:53 of 2nd period - Minor Penalty to Erik Gudbranson for Hooking.
7:53 of 2nd period - Minor Penalty to Tyler Seguin for Roughing.
7:54 of 2nd period - Pierre-Edouard Bellemare wins face-off versus Leon Draisaitl in Lightning zone.
8:40 of 2nd period - Icing by Alexander Edler.
8:41 of 2nd period - Pierre-Edouard Bellemare wins face-off versus Elias Lindholm in Lightning zone.
8:41 of 2nd period - Pierre-Edouard Bellemare is hit by Nikolaj Ehlers.
9:14 of 2nd period - Shot by Nikolaj Ehlers.
9:14 of 2nd period - Shot Misses the Net.
9:35 of 2nd period - Icing by Jason Demers.
9:36 of 2nd period - Logan Couture wins face-off versus Leon Draisaitl in Lightning zone.
9:45 of 2nd period - Shot by William Karlsson.
9:45 of 2nd period - Shot Misses the Net.
9:47 of 2nd period - Shot by Logan Couture.
9:47 of 2nd period - Shot Misses the Net.
10:03 of 2nd period - Shot by Jeff Skinner.
10:03 of 2nd period - Shot Misses the Net.
10:09 of 2nd period - Shot by Jeff Skinner.
10:09 of 2nd period - Shot Misses the Net.
10:11 of 2nd period - Shot by Zack Kassian.
10:11 of 2nd period - Shot Misses the Net.
10:13 of 2nd period - Shot by Travis Zajac.
10:13 of 2nd period - Stopped by Matt Murray without a rebound.
10:14 of 2nd period - Sidney Crosby wins face-off versus Tyler Seguin in Sabres zone.
10:23 of 2nd period - Shot by Sidney Crosby.
10:23 of 2nd period - Stopped by Matt Murray without a rebound.
10:24 of 2nd period - Lars Eller wins face-off versus Travis Zajac in Sabres zone.
10:24 of 2nd period - Lars Eller is hit by Zack Kassian.
10:30 of 2nd period - Shot by Zack Kassian.
10:30 of 2nd period - Shot Blocked by Kris Letang.
12:51 of 2nd period - Shot by Jonathan Drouin.
12:51 of 2nd period - Stopped by Jaroslav Halak with a rebound.
12:51 of 2nd period - Jaroslav Halak from Lightning is injured at 12:51 of 2nd period (Sprained Right Finger).
12:51 of 2nd period - Elvis Merzlikins enters game.
12:52 of 2nd period - Travis Zajac wins face-off versus Luke Glendening in Lightning zone.
13:13 of 2nd period - Shot by Jeff Skinner.
13:13 of 2nd period - Stopped by Matt Murray without a rebound.
13:14 of 2nd period - William Karlsson wins face-off versus Leon Draisaitl in Sabres zone.
13:41 of 2nd period - Ryan Nugent-Hopkins is hit by Logan Couture and loses puck.
14:09 of 2nd period - Off-side.
14:10 of 2nd period - Tyler Seguin wins face-off versus Zack Kassian in neutral zone.
15:43 of 2nd period - Shot by Joonas Donskoi.
15:43 of 2nd period - Stopped by Matt Murray without a rebound.
15:44 of 2nd period - Leon Draisaitl wins face-off versus William Karlsson in Sabres zone.
15:44 of 2nd period - Leon Draisaitl is hit by William Karlsson.
15:58 of 2nd period - Shot by Ryan Nugent-Hopkins.
15:58 of 2nd period - Shot Misses the Net.
16:00 of 2nd period - Shot by Elias Lindholm.
16:00 of 2nd period - Stopped by Elvis Merzlikins without a rebound.
16:01 of 2nd period - Tyler Seguin wins face-off versus Sidney Crosby in Lightning zone.
16:18 of 2nd period - Alex Killorn is hit by Nikolaj Ehlers.
17:47 of 2nd period - Off-side.
17:48 of 2nd period - Lars Eller wins face-off versus Jeff Skinner in neutral zone.
17:48 of 2nd period - Lars Eller is hit by Zack Kassian.
17:56 of 2nd period - Shot by Jonathan Drouin.
17:56 of 2nd period - Stopped by Elvis Merzlikins without a rebound.
17:57 of 2nd period - Travis Zajac wins face-off versus Tyler Seguin in Lightning zone.
18:14 of 2nd period - Shot by Jeff Skinner.
18:14 of 2nd period - Stopped by Matt Murray without a rebound.
18:15 of 2nd period - William Karlsson wins face-off versus Lars Eller in Sabres zone.
18:24 of 2nd period - Shot by Logan Couture.
18:24 of 2nd period - Deflect By Jeff Carter.
18:24 of 2nd period - Shot Misses the Net.
18:27 of 2nd period - Icing by Erik Gustafsson.
18:28 of 2nd period - Lars Eller wins face-off versus Sidney Crosby in Sabres zone.
18:46 of 2nd period - Alex Killorn is hit by Erik Gustafsson and loses puck.
18:52 of 2nd period - Sidney Crosby is hit by Adam Pelech and loses puck.
19:21 of 2nd period - Minor Penalty to Logan Couture for Holding.
19:22 of 2nd period - Leon Draisaitl wins face-off versus Alex Killorn in Lightning zone.
19:25 of 2nd period - Shot by Ryan Nugent-Hopkins.
19:25 of 2nd period - Stopped by Elvis Merzlikins without a rebound.
19:26 of 2nd period - Leon Draisaitl wins face-off versus Alex Killorn in Lightning zone.
19:27 of 2nd period - Shot by Kris Letang.
19:27 of 2nd period - Deflect By Leon Draisaitl.
19:27 of 2nd period - Shot Misses the Net.
19:29 of 2nd period - Shot by Rasmus Dahlin.
19:29 of 2nd period - Shot Hit the Post.
19:31 of 2nd period - Shot by Kris Letang.
19:31 of 2nd period - Shot Misses the Net.
19:33 of 2nd period - Shot by Kris Letang.
19:33 of 2nd period - Stopped by Elvis Merzlikins without a rebound.
19:34 of 2nd period - Leon Draisaitl wins face-off versus Alex Killorn in Lightning zone.
19:39 of 2nd period - Shot by Leon Draisaitl.
19:39 of 2nd period - Shot Blocked by Kevin Shattenkirk.
Goals for this period are 1 for Sabres vs 0 for Lightning.
Shots for this period are 12 for Sabres vs 9 for Lightning.

3rd period


0:01 of 3rd period - Leon Draisaitl wins face-off versus Alex Killorn in neutral zone.
0:17 of 3rd period - Shot by Leon Draisaitl.
0:17 of 3rd period - Shot Misses the Net.
0:19 of 3rd period - Shot by Rasmus Dahlin.
0:19 of 3rd period - Stopped by Elvis Merzlikins without a rebound.
0:20 of 3rd period - Tyler Seguin wins face-off versus Alex Killorn in Lightning zone.
0:39 of 3rd period - Shot by Rasmus Ristolainen.
0:39 of 3rd period - Shot Misses the Net.
0:45 of 3rd period - Shot by Rasmus Ristolainen.
0:45 of 3rd period - Stopped by Elvis Merzlikins without a rebound.
0:46 of 3rd period - Leon Draisaitl wins face-off versus Frederik Gauthier in Lightning zone.
1:01 of 3rd period - Shot by Rasmus Dahlin.
1:01 of 3rd period - Shot Misses the Net.
1:03 of 3rd period - Shot by Elias Lindholm.
1:03 of 3rd period - Deflect By Leon Draisaitl.
1:03 of 3rd period - Shot Misses the Net.
1:05 of 3rd period - Shot by Ryan Nugent-Hopkins.
1:05 of 3rd period - Stopped by Elvis Merzlikins without a rebound.
1:06 of 3rd period - Alex Killorn wins face-off versus Tyler Seguin in Lightning zone.
1:12 of 3rd period - Icing by Rasmus Ristolainen.
1:13 of 3rd period - Tyler Seguin wins face-off versus Pierre-Edouard Bellemare in Sabres zone.
2:27 of 3rd period - Shot by Sidney Crosby.
2:27 of 3rd period - Stopped by Matt Murray with a rebound.
2:32 of 3rd period - Rasmus Dahlin is hit by Alex Killorn and loses puck.
3:22 of 3rd period - Off-side.
3:23 of 3rd period - Leon Draisaitl wins face-off versus Zack Kassian in neutral zone.
3:25 of 3rd period - Off-side.
3:26 of 3rd period - Travis Zajac wins face-off versus Leon Draisaitl in neutral zone.
3:29 of 3rd period - Shot by Zack Kassian.
3:29 of 3rd period - Deflect By Jeff Skinner.
3:29 of 3rd period - Stopped by Matt Murray with a rebound.
3:35 of 3rd period - Leon Draisaitl is hit by Zack Kassian.
3:50 of 3rd period - Icing by Trevor Daley.
3:51 of 3rd period - Travis Zajac wins face-off versus Tyler Seguin in Lightning zone.
4:08 of 3rd period - Shot by Nikolaj Ehlers.
4:08 of 3rd period - Stopped by Elvis Merzlikins without a rebound.
4:09 of 3rd period - Sidney Crosby wins face-off versus Leon Draisaitl in Lightning zone.
4:37 of 3rd period - Shot by Sidney Crosby.
4:37 of 3rd period - Stopped by Matt Murray without a rebound.
4:38 of 3rd period - Tyler Seguin wins face-off versus William Karlsson in Sabres zone.
5:30 of 3rd period - Dmitry Orlov is hit by Logan Couture and loses puck.
5:47 of 3rd period - Shot by Leon Draisaitl.
5:47 of 3rd period - Stopped by Elvis Merzlikins without a rebound.
5:47 of 3rd period - Minor Penalty to Elvis Merzlikins for Slashing.
5:48 of 3rd period - Leon Draisaitl wins face-off versus Alex Killorn in Lightning zone.
6:52 of 3rd period - Shot by Kris Letang.
6:52 of 3rd period - Shot Misses the Net.
6:54 of 3rd period - Shot by Rasmus Dahlin.
6:54 of 3rd period - Shot Misses the Net.
7:19 of 3rd period - Shot by Elias Lindholm.
7:19 of 3rd period - Stopped by Elvis Merzlikins without a rebound.
7:20 of 3rd period - Frederik Gauthier wins face-off versus Tyler Seguin in Lightning zone.
7:39 of 3rd period - Shot by Rasmus Dahlin.
7:39 of 3rd period - Stopped by Elvis Merzlikins without a rebound.
7:40 of 3rd period - Frederik Gauthier wins face-off versus Leon Draisaitl in Lightning zone.
7:53 of 3rd period - Icing by Dmitry Orlov.
7:54 of 3rd period - William Karlsson wins face-off versus Jonathan Drouin in Sabres zone.
8:07 of 3rd period - Shot by Trevor Daley.
8:07 of 3rd period - Stopped by Matt Murray without a rebound.
8:08 of 3rd period - Leon Draisaitl wins face-off versus Travis Zajac in Sabres zone.
9:03 of 3rd period - Icing by Nikolaj Ehlers.
9:04 of 3rd period - William Karlsson wins face-off versus Tyler Seguin in Sabres zone.
9:59 of 3rd period - Shot by Alex Killorn.
9:59 of 3rd period - Stopped by Matt Murray without a rebound.
10:00 of 3rd period - Frederik Gauthier wins face-off versus Lars Eller in Sabres zone.
10:24 of 3rd period - Kris Letang is hit by Sidney Crosby and loses puck.
10:29 of 3rd period - Shot by Sidney Crosby.
10:29 of 3rd period - Deflect By Pierre-Edouard Bellemare.
10:29 of 3rd period - Shot Blocked by Dmitry Orlov.
10:58 of 3rd period - Icing by Kris Letang.
10:59 of 3rd period - William Karlsson wins face-off versus Lars Eller in Sabres zone.
11:32 of 3rd period - Shot by Jeff Carter.
11:32 of 3rd period - Stopped by Matt Murray without a rebound.
11:33 of 3rd period - Sidney Crosby wins face-off versus Leon Draisaitl in Sabres zone.
12:24 of 3rd period - Shot by Jeff Skinner.
12:24 of 3rd period - Shot Misses the Net.
12:26 of 3rd period - Shot by Alexander Edler.
12:26 of 3rd period - Shot Misses the Net.
12:28 of 3rd period - Shot by Jeff Skinner.
12:28 of 3rd period - Stopped by Matt Murray without a rebound.
12:29 of 3rd period - William Karlsson wins face-off versus Tyler Seguin in Sabres zone.
12:37 of 3rd period - Icing by Erik Gustafsson.
12:38 of 3rd period - Tyler Seguin wins face-off versus William Karlsson in Sabres zone.
13:39 of 3rd period - Minor Penalty to Sidney Crosby for Hooking.
13:40 of 3rd period - Leon Draisaitl wins face-off versus Alex Killorn in Lightning zone.
13:53 of 3rd period - Shot by Rasmus Dahlin.
13:53 of 3rd period - Shot Misses the Net.
13:55 of 3rd period - Shot by Kris Letang.
13:55 of 3rd period - Shot Misses the Net.
13:57 of 3rd period - Shot by Leon Draisaitl.
13:57 of 3rd period - Shot Blocked by Zach Bogosian.
13:59 of 3rd period - Shot by Kris Letang.
13:59 of 3rd period - Shot Blocked by Jason Demers.
14:01 of 3rd period - Shot by Rasmus Dahlin.
14:01 of 3rd period - Stopped by Elvis Merzlikins without a rebound.
14:02 of 3rd period - Tyler Seguin wins face-off versus Alex Killorn in Lightning zone.
14:03 of 3rd period - Shot by Rasmus Ristolainen.
14:03 of 3rd period - Shot Misses the Net.
14:05 of 3rd period - Shot by Tyler Seguin.
14:05 of 3rd period - Shot Misses the Net.
14:07 of 3rd period - Shot by Erik Gustafsson.
14:07 of 3rd period - Shot Blocked by Pierre-Edouard Bellemare.
14:09 of 3rd period - Shot by Rasmus Ristolainen.
14:09 of 3rd period - Stopped by Elvis Merzlikins without a rebound.
14:10 of 3rd period - Tyler Seguin wins face-off versus Alex Killorn in Lightning zone.
14:25 of 3rd period - Shot by Kevin Fiala.
14:25 of 3rd period - Shot Misses the Net.
14:27 of 3rd period - Shot by Kris Letang.
14:27 of 3rd period - Stopped by Elvis Merzlikins with a rebound.
14:29 of 3rd period - Shot by Kevin Fiala.
14:29 of 3rd period - Stopped by Elvis Merzlikins with a rebound.
14:31 of 3rd period - Shot by Tyler Seguin.
14:31 of 3rd period - Shot Blocked by Alex Killorn.
14:37 of 3rd period - Shot by Tyler Seguin.
14:37 of 3rd period - Stopped by Elvis Merzlikins without a rebound.
14:38 of 3rd period - Leon Draisaitl wins face-off versus Frederik Gauthier in Lightning zone.
14:47 of 3rd period - Shot by Leon Draisaitl.
14:47 of 3rd period - Shot Misses the Net.
14:58 of 3rd period - Off-side.
14:59 of 3rd period - Alex Killorn wins face-off versus Leon Draisaitl in neutral zone.
15:24 of 3rd period - Shot by Rasmus Dahlin.
15:24 of 3rd period - Shot Misses the Net.
15:51 of 3rd period - Off-side.
15:52 of 3rd period - Lars Eller wins face-off versus Travis Zajac in neutral zone.
15:59 of 3rd period - Shot by Luke Glendening.
15:59 of 3rd period - Shot Misses the Net.
16:15 of 3rd period - Shot by Luke Glendening.
16:15 of 3rd period - Stopped by Elvis Merzlikins without a rebound.
16:16 of 3rd period - Tyler Seguin wins face-off versus Sidney Crosby in Lightning zone.
16:29 of 3rd period - Shot by Kevin Fiala.
16:29 of 3rd period - Shot Misses the Net.
16:37 of 3rd period - Shot by Sidney Crosby.
16:37 of 3rd period - Shot Misses the Net.
16:39 of 3rd period - Shot by Sidney Crosby.
16:39 of 3rd period - Shot Blocked by Kris Letang.
16:41 of 3rd period - Shot by Sidney Crosby.
16:41 of 3rd period - Shot Misses the Net.
17:25 of 3rd period - Leon Draisaitl is hit by Kevin Shattenkirk and loses puck.
17:40 of 3rd period - Shot by Jeff Carter.
17:40 of 3rd period - Stopped by Matt Murray without a rebound.
17:41 of 3rd period - Lars Eller wins face-off versus Travis Zajac in Sabres zone.
17:41 of 3rd period - Lars Eller is hit by Travis Zajac.
17:57 of 3rd period - Shot by Jonathan Drouin.
17:57 of 3rd period - Stopped by Elvis Merzlikins without a rebound.
17:58 of 3rd period - Frederik Gauthier wins face-off versus Leon Draisaitl in Lightning zone.
17:58 of 3rd period - Frederik Gauthier is hit by Leon Draisaitl.
18:17 of 3rd period - Sidney Crosby is hit by Rasmus Ristolainen and loses puck.
18:26 of 3rd period - Shot by Frederik Gauthier.
18:26 of 3rd period - Shot Blocked by Ryan Nugent-Hopkins.
18:28 of 3rd period - Shot by Pierre-Edouard Bellemare.
18:28 of 3rd period - Shot Misses the Net.
18:34 of 3rd period - Shot by Sidney Crosby.
18:34 of 3rd period - Goal by Sidney Crosby - Sabres : 2 - Lightning : 3.
18:35 of 3rd period - Tyler Seguin wins face-off versus William Karlsson in neutral zone.
18:42 of 3rd period - Shot by Nikolaj Ehlers.
18:42 of 3rd period - Stopped by Elvis Merzlikins without a rebound.
18:43 of 3rd period - Tyler Seguin wins face-off versus William Karlsson in Lightning zone.
19:00 of 3rd period - Sabres, Matt Murray is pulled from the net.
19:20 of 3rd period - Kevin Fiala is hit by Kevin Shattenkirk and loses puck.
Goals for this period are 0 for Sabres vs 1 for Lightning.
Shots for this period are 15 for Sabres vs 9 for Lightning.